 Dungeon Crawl Stone Soup version 0.27.0-1-g7a089689b8 (webtiles) character file.

Game seed: 11882627093611691196

664 bearlyready the Magician (level 7, -3/79 HPs)
             Began as a Djinni Hedge Wizard on Aug 2, 2021.
             Was an Initiate of Gozag.
             Killed by divine providence
             ... invoked by an orc priest
              (13 damage)
             ... on level 5 of the Dungeon on Aug 3, 2021.
             The game lasted 00:19:02 (8203 turns).

bearlyready the Magician (Djinni Hedge Wizard)      Turns: 8203, Time: 00:19:03

Health: -3/79      AC: 23    Str:  9    XL:     7   Next: 87%
Gold:   45         EV:  2    Int: 17    God:    Gozag SH:  5 Dex: 13

rFire    . . .     SeeInvis .   l - staff of poison
rCold    . . .     Faith    .   (no shield)
rNeg     + + +     Spirit   .   (armour currently unavailable)
rPois    ∞         Reflect  +   (helmet currently unavailable)
rElec    .         Harm     .   (cloak currently unavailable)
rCorr    .         Rampage  .   (gloves currently unavailable)
Will     .....     NoTele   +   (boots unavailable)
Stlth    ++........             g - amulet of reflection
HPRegen  0.23/turn              (no ring)
MPRegen  0.00/turn              (no ring)

@: tree-form
A: stationary, stasis, torment immunity, boosted hp, sickness immunity, (fire
resistance 2), (cold vulnerability 1), float, innate caster, hp casting, extra
vitality 1
a: Renounce Religion, Potion Petition, Call Merchant, Bribe Branch


You were on level 5 of the Dungeon.
You worshipped Gozag.
Gozag was noncommittal.
You were a tree.
You visited 1 branch of the dungeon, and saw 6 of its levels.
You also visited: Sewer.

You collected 597 gold pieces.
You paid 552 gold pieces to Gozag.

Inventory:

Hand Weapons
 a - a +1 dagger
 h - a +2 dagger of flaming
Missiles
 e - 63 stones
 m - 41 sling bullets
 n - 2 javelins
 s - 5 poisoned darts (quivered)
Armour
 b - a +0 robe (melded)
 c - a +0 hat (melded)
 f - a +0 leather armour
 i - a +0 pair of gloves (melded)
 v - the +2 ring mail of Forking Paths {Dex+3}
   (You found it on level 4 of the Dungeon)

   Dex:       It affects your dexterity (+3).
Magical Staves
 l - a staff of poison (weapon)
Jewellery
 g - an amulet of reflection (around neck)
Wands
 x - a wand of polymorph (6)
Scrolls
 q - a scroll of amnesia
 u - a scroll of immolation
Potions
 j - 4 potions of flight
 k - 2 potions of haste {unknown}
 o - a potion of attraction {unknown}
 p - a potion of lignification
 r - a potion of invisibility {unknown}


   Skills:
 + Level 4.4 Fighting
 - Level 0.1 Short Blades
 + Level 0.2 Throwing
 - Level 2.1 Dodging
 + Level 1.6 Stealth
 + Level 5.4 Spellcasting


You couldn't memorise any spells.
You knew the following spells:

 Your Spells              Type           Power      Damage    Failure   Level
a - Magic Dart            Conj           92%        1d7       1%          1
b - Blink                 Tloc           N/A        N/A       2%          2
c - Call Imp              Summ           23%        N/A       2%          2
d - Slow                  Hex            23%        N/A       2%          2
e - Conjure Flame         Conj/Fire      23%        6-21      4%          3
f - Mephitic Cloud        Conj/Pois/Air  34%        N/A       4%          3
g - Pain                  Necr           92%        1d8       1%          1
h - Wereblood             Tmut           23%        N/A       2%          2
i - Summon Guardian Gole  Hex/Summ       23%        N/A       4%          3
Your spell library was empty.

Dungeon Overview and Level Annotations

Branches:
Dungeon (6/15)              Sewer (visited)
 Temple: D:4-7

Altars:
Fedhas
Gozag
Sif Muna
Uskayaw
Wu Jian
The Shining One

Annotations:
D:5 Eustachio


Innate Abilities, Weirdness & Mutations

You are a tree.
Your roots penetrate the ground, keeping you stationary.
You cannot be teleported.
You are immune to unholy pain and torment.
Your maximum health is greatly increased.
Your equipment is partially melded.
You are immune to sickness and miasma.
You are immune to poison.
((Your flesh is very heat resistant. (rF++)))
((You are vulnerable to cold. (rC-)))
You float through the air rather than walking.
You learn spells naturally, not from books.
Your magical power is your life essence.
You have superior vitality. (+4 HP)


Message History

Your +0 hat melds into your body.
Your +0 pair of gloves melds into your body.
Your +0 robe melds into your body.
Your roots penetrate the ground.
Your crimson imp hits the black bear.
The black bear bites your crimson imp. The black bear claws your crimson imp.
The black bear claws your crimson imp but does no damage.
Your crimson imp blinks!
Throw: 8 darts (poison)
Press: ? - help, Q - select action, (/) - cycle Shift-Dir - straight line, f - orc priest, p - black bear
Aim: an orc priest, wielding a +0 short sword and wearing a +0 leather armour (59% to hit)
You throw a poisoned dart.
The poisoned dart barely misses the orc priest.
Your crimson imp barely misses the black bear.
The black bear bites your crimson imp.
The black bear closely misses your crimson imp. x2
Something hits you but does no damage.
Throw: 7 darts (poison)
Press: ? - help, Q - select action, (/) - cycle Shift-Dir - straight line, f/p - orc priest
Aim: an orc priest, wielding a +0 short sword and wearing a +0 leather armour (59% to hit)
You throw a poisoned dart.
The poisoned dart barely misses the orc priest.
Your crimson imp barely misses the black bear.
The black bear barely misses your crimson imp.
The black bear closely misses your crimson imp.
The black bear barely misses your crimson imp.
Your crimson imp closely misses the orc.
Your crimson imp hits the orc.
Throw: 6 darts (poison)
Press: ? - help, Q - select action, (/) - cycle Shift-Dir - straight line, f/p - orc priest
Aim: an orc priest, wielding a +0 short sword and wearing a +0 leather armour (59% to hit)
You throw a poisoned dart. The poisoned dart hits the orc priest.
Your crimson imp blinks!
You hear some strange, mumbled words.
A magic dart appears from out of thin air!
The magic dart hits you but does no damage.
You hit something.
The orc priest invokes the aid of Beogh against you.
Beogh smites you!
You die...
Your body crumbles into a pile of gold.

##############
#.....{♣.h...#
#.......o5§8.#
#.....o..5.>.#
#....(....$..#
#......o...$.#
#......5....(#
#............#
##((.###..##(#
###
##...###..##(#
#.###


You could see a black bear (ally target), 2 orc priests, an orc, a friendly
guardian golem (summoned) and 3 friendly crimson imps.

Vanquished Creatures
  Menkaure (D:6)
  A necrophage (D:4)
  A kobold brigand (Sewer)
  A jelly (D:4)
  An iguana (D:4)
  Natasha (D:2)
  2 orc wizards
  An adder (D:4)
  2 gnolls (D:2)
  A howler monkey skeleton (D:5)
  2 adder skeletons (D:4)
  A worm (D:4)
  2 orcs
  7 endoplasms
  4 giant cockroaches
  6 goblins
  6 hobgoblins
  2 jackals (D:2)
  A quokka (D:1)
  3 ball pythons (D:1)
  6 bats
  A frilled lizard (D:1)
  4 kobolds
  A quokka zombie (D:4)
  11 rats
69 creatures vanquished.

Vanquished Creatures (collateral kills)
  A wyvern zombie (D:4)
  An orc priest (D:3)
  2 centaur zombies
  A bullfrog skeleton (D:5)
  An iguana (D:4)
  Natasha (twice) (D:2)
  Terence (D:2)
  A gnoll (D:2)
  An adder (D:5)
  A shadow imp (D:5)
  4 orcs
  A jackal (Sewer)
  A goblin (D:3)
  2 kobolds
  A quokka zombie (D:4)
21 creatures vanquished.

Vanquished Creatures (others)
  An orc (D:4)
  A kobold (Sewer)
2 creatures vanquished.

Grand Total: 92 creatures vanquished

Notes
Turn   | Place    | Note
-------+----------+-------------------------------------------
     0 | D:1      | bearlyready the Djinni Hedge Wizard began the quest for the
                  | Orb.
     0 | D:1      | Reached XP level 1. HP: 15/15 MP: 0/0
   256 | D:1      | Reached XP level 2. HP: 20/21 MP: 0/0
   363 | D:1      | Found a faded altar of an unknown god.
   379 | D:1      | Reached skill level 3 in Spellcasting
   388 | D:1      | Became a worshipper of Gozag Ym Sagoz the Greedy
  1143 | D:1      | Reached XP level 3. HP: 23/25 MP: 0/0
  1143 | D:1      | Learned a level 1 spell: Pain
  1760 | D:2      | Noticed Natasha
  1761 | D:2      | Noticed Terence
  2223 | D:2      | Killed Natasha
  2224 | D:2      | Reached XP level 4. HP: 22/31 MP: 0/0
  2487 | D:2      | Killed Terence
  2667 | D:2      | Noticed Natasha
  2679 | D:2      | Killed Natasha
  2680 | D:2      | Reached skill level 4 in Spellcasting
  2822 | D:2      | Found an ornate altar of the Wu Jian Council.
  3023 | D:2      | Reached XP level 5. HP: 27/35 MP: 0/0
  3023 | D:2      | Learned a level 2 spell: Wereblood
  3108 | D:2      | Noticed Natasha
  3115 | D:2      | Killed Natasha
  3697 | D:3      | Found a glowing drain.
  3701 | Sewer    | Entered a sewer
  3796 | Sewer    | Noticed a kobold brigand
  3819 | Sewer    | Killed a kobold brigand
  3820 | Sewer    | Reached skill level 1 in Fighting
  4012 | Sewer    | Found a white marble altar of Elyvilon.
  4462 | D:3      | Found a hide-covered altar of Uskayaw.
  4480 | D:3      | Found a glowing golden altar of the Shining One.
  5080 | D:3      | Reached XP level 6. HP: 21/43 MP: 0/0
  5408 | D:4      | Noticed a necrophage
  5432 | D:4      | Killed a necrophage
  6177 | D:4      | Reached XP level 7. HP: 9/50 MP: 0/0
  6177 | D:4      | Learned a level 3 spell: Summon Guardian Golem
  7117 | D:4      | Reached skill level 5 in Spellcasting
  7552 | D:4      | Identified the +2 ring mail of Forking Paths {Dex+3}
  7708 | D:5      | Entered Level 5 of the Dungeon
  7804 | D:5      | Found a blossoming altar of Fedhas.
  7813 | D:5      | Noticed Eustachio
  8053 | D:6      | Noticed Menkaure
  8067 | D:6      | Killed Menkaure
  8131 | D:6      | Noticed a water moccasin
  8203 | D:5      | Killed from afar by an orc priest

Illustrated notes

Levels and vault maps discovered:
D:1:      matt_arrival_los_fun, layout_basic, chequers_ecumenical_altar_island
D:2:      layout_loops_ring, basic_altar, uniq_terence, uniq_natasha
D:3:      layout_basic, mainiacjoe_overflow_swirl, gup_sewer_entry_bowl
D:4:      layout_loops_corners, enter_ossuary_4
D:5:      layout_gridville, grunt_temple_overflow_open, uniq_pikel,
          uniq_eustachio, uniq_ijyb, uniq_sigmund
D:6:      layout_loops_ring, minmay_temple_entry_glassed_door,
          nrook_loot_triangle, serial_bayou_pond_a,
          chequers_serial_rivers_micro_b, minmay_manual_mandibuliform,
          uniq_menkaure

Skill      XL: |  1  2  3  4  5  6  7 |
---------------+----------------------+-----
Spellcasting   | 3 4 5 |  5.4
Fighting       | 2 3 4 |  4.4
Short Blades   | |  0.1
Throwing       | |  0.2
Dodging        | |  2.1
Stealth        | |  1.6

Action                   |  1- 3 |  4- 6 |  7- 9 || total
-------------------------+-------+-------+-------++-------
Melee: Dagger            |    29 |       |       ||    29
       Staff             |       |    11 |    17 ||    28
Throw: Stone             |     4 |     3 |       ||     7
       Dart              |       |       |     7 ||     7
 Cast: Magic Dart        |    59 |    84 |    49 ||   192
       Mephitic Cloud    |     2 |     8 |     9 ||    19
       Call Imp          |     1 |    40 |     8 ||    49
       Conjure Flame     |       |     4 |     4 ||     8
       Blink             |       |     2 |     2 ||     4
       Summon Guardian G |       |       |     3 ||     3
Invok: Potion Petition   |       |       |     1 ||     1
  Use: Scroll            |       |     4 |     1 ||     5
       Potion            |       |     1 |     4 ||     5
 Stab: Distracted        |       |     1 |       ||     1
       Confused          |       |       |     1 ||     1
Armor: Robe              |     7 |     5 |     8 ||    20
       Skin              |       |       |     2 ||     2
Dodge: Dodged            |    30 |    24 |    31 ||    85
Block: Other             |       |     4 |     8 ||    12
